 Dungeon Crawl Stone Soup version 0.29.1-12-g30fa7ad0bf (webtiles) character file.

Game seed: 14465709630415578480

151 DemonSlayer the Digger (level 5, -1/54 HPs)
             Began as a Demonspawn Earth Elementalist on Dec 26, 2022.
             Slain by a gnoll
             ... wielding a +0 spear
              (5 damage)
             ... on level 4 of the Dungeon.
             The game lasted 00:08:41 (2488 turns).

DemonSlayer the Digger (DsEE)                       Turns: 2488, Time: 00:08:42

Health: -1/54      AC:  4    Str:  9    XL:     5   Next: 11%
Magic:  10/10      EV: 11    Int: 21    God:
Gold:   87         SH:  0    Dex: 13    Spells: 3/11 levels left

rFire   + . .      SeeInvis .   b - +0 club (vamp)
rCold   + . .      Faith    .   (no shield)
rNeg    . . .      Spirit   .   s - +0 leather armour
rPois   +          Reflect  .   (no helmet)
rElec   +          Harm     .   (no cloak)
rCorr   +          Rampage  .   q - +0 pair of gloves
Will    .....                   (no boots)
Stlth   ..........              c - amulet of Moderation {Regen+ Int+3}
HPRegen 0.98/turn               (no ring)
MPRegen 0.12/turn               (no ring)

@: berserking, resistant, marked, flying, very quick
A: demonic guardian 1
a: no special abilities


You were on level 4 of the Dungeon.
You visited 1 branch of the dungeon, and saw 4 of its levels.
You also visited: Ossuary.

You collected 87 gold pieces.

Inventory:

Hand Weapons
 b - a +0 vampiric club (weapon)
Armour
 q - a +0 pair of gloves (worn)
 s - a +0 leather armour (worn)
Jewellery
 c - the amulet of Moderation (around neck) {Regen+ Int+3}
   (You found it on level 2 of the Dungeon)

   [amulet of regeneration]

   Int:       It affects your intelligence (+3).
   Regen:     It increases your rate of health regeneration.
Scrolls
 e - a scroll of noise
 h - a scroll of vulnerability
Potions
 l - a potion of heal wounds


   Skills:
 + Level 0.6 Fighting
 + Level 0.1 Maces & Flails
 + Level 0.2 Armour
 + Level 2.0 Dodging
 + Level 2.0 Stealth
 + Level 3.6 Spellcasting
 + Level 0.8 Transmutations
 + Level 3.8 Earth Magic


You had 3 spell levels left.
You knew the following spells:

 Your Spells              Type           Power      Damage    Failure   Level
a - Sandblast             Erth           38%        2d10      3%          1
b - Passwall              Tmut/Erth      10%        N/A       10%         2
c - Stone Arrow           Conj/Erth      22%        3d8       24%         3
d - Ensorcelled Hibernat  Hex/Ice        6%         N/A       26%         2

Your spell library contained the following spells:

 Spells                   Type           Power      Damage    Failure   Level
 Spider Form              Tmut/Pois      5%         N/A       41%         3
 Dazzling Flash           Conj/Hex       6%         N/A       47%         3
 Petrify                  Tmut/Erth      13%        N/A       54%         4
 Anguish                  Hex/Necr       1%         N/A       87%         4
 Agony                    Necr           3%         N/A       99%         5
 Silence                  Hex/Air        1%         N/A       99%         5


Dungeon Overview and Level Annotations

Branches:
Dungeon (4/15)            Ossuary (visited)
 Temple: D:4-7

Altars:

Annotations:
D:4 Blork the orc


Innate Abilities, Weirdness & Mutations

A weak demonic guardian rushes to your aid.


Message History

You feel much better. The adder closely misses you.
The gnoll hits you with a +0 flail! The gnoll closely misses you.
The phantom closely misses you. The gnoll completely misses you.
Your shadow imp closely misses the phantom.
The adder bites you.
You are too confused!
It was a potion of flight.
You feel very buoyant.
You fly up into the air.
The gnoll hits you but does no damage. The gnoll barely misses you.
The gnoll hits you from afar with a +0 spear.
The phantom barely misses you. The gnoll misses you.
Your shadow imp hits the phantom but does no damage.
The adder bites you.
It was a potion of berserk rage.
A red film seems to cover your vision as you go berserk!
You feel yourself moving faster!
You feel mighty!
You feel less invigorated.
You feel less confused. The adder bites you but does no damage.
The gnoll hits you but does no damage. The gnoll hits you with a +0 flail.
The gnoll hits you from afar with a +0 spear.
The phantom closely misses you. The gnoll hits you but does no damage.
Your shadow imp barely misses the phantom.
You hit the phantom.
The phantom is heavily damaged.
The adder barely misses you. The gnoll barely misses you.
The gnoll hits you with a +0 flail.
The gnoll hits you from afar with a +0 spear!
The phantom hits you.
* * * LOW HITPOINT WARNING * * *
The phantom blinks!
You blink.
A hobgoblin comes into view.
The gnoll hits you from afar with a +0 halberd!
* * * LOW HITPOINT WARNING * * *
The adder closely misses your shadow imp.
Unknown command.
Unknown command.
The gnoll closely misses your shadow imp.
The gnoll hits you from afar with a +0 spear.
You die...

.
......$....)..#
###....)......#
#.............#
.#####..####.#
#§g.#.## .# #
#S5.#.# .# ...
#gg.#.# .#
....g##g##.#
.....gW.@..#
...........#
...........#
...........#
...........#
.........$.#
............
...#.....####


You could see a phantom, 4 gnolls, an adder (ally target), 2 hobgoblins and a
friendly shadow imp (summoned).

Vanquished Creatures
  A centaur zombie (Ossuary)
  Robin (D:3)
  A gnoll (D:1)
  3 adders
  A dart slug (D:2)
  An orc (D:4)
  6 ball pythons
  2 bats (D:1)
  7 endoplasms
  3 giant cockroaches
  8 goblins
  5 hobgoblins
  6 jackals (D:2)
  6 kobolds
  2 quokkas (D:1)
  6 frilled lizards
  A hobgoblin zombie (Ossuary)
  4 rats (D:1)
64 creatures vanquished.

Vanquished Creatures (collateral kills)
  A bat (D:1)
1 creature vanquished.

Grand Total: 65 creatures vanquished

Notes
Turn   | Place    | Note
-------+----------+-------------------------------------------
     0 | D:1      | DemonSlayer the Demonspawn Earth Elementalist began the
                  | quest for the Orb.
     0 | D:1      | Reached XP level 1. HP: 13/13 MP: 3/3
    95 | D:1      | Gained mutation: A weak demonic guardian rushes to your
                  | aid. [demonic ancestry]
    95 | D:1      | Reached XP level 2. HP: 14/19 MP: 1/5
    98 | D:1      | Learned a level 2 spell: Passwall
   552 | D:1      | Reached XP level 3. HP: 18/24 MP: 1/6
   911 | D:1      | Learned a level 3 spell: Stone Arrow
   979 | D:2      | Found a faded altar of an unknown god.
  1218 | D:2      | Identified the amulet of Moderation {Regen+ Int+3}
  1283 | D:2      | Reached XP level 4. HP: 30/31 MP: 3/8
  1637 | D:2      | Learned a level 2 spell: Ensorcelled Hibernation
  2344 | D:4      | Noticed Robin
  2349 | D:3      | Killed Robin
  2391 | D:4      | Noticed Blork the orc
  2429 | D:4      | Noticed a phantom
  2430 | D:4      | Found a sand-covered staircase.
  2435 | Ossuary  | Entered an ossuary
  2464 | Ossuary  | Reached XP level 5. HP: 36/36 MP: 0/10
  2488 | D:4      | Slain by a gnoll

Illustrated notes

Levels and vault maps discovered:
D:1:      dpeg_arrival_erosion, layout_rooms
D:2:      layout_rooms, basic_ecumenical_altar
D:3:      layout_basic
D:4:      layout_rooms, enter_ossuary_2, serial_shops,
          nicolae_shop_hallway_stairs, uniq_robin, uniq_blork_the_orc

Skill      XL: |  1  2  3  4 |
---------------+-------------+-----
Earth Magic    | 3 |  3.8
Spellcasting   | 3 |  3.6
Stealth        | 2 |  2.0
Dodging        | 2 |  2.0
Fighting       | |  0.6
Maces & Flails | |  0.1
Armour         | |  0.2
Transmutations | |  0.8

Action                   |  1- 3 |  4- 6 || total
-------------------------+-------+-------++-------
Melee: Club              |    19 |    15 ||    34
 Cast: Sandblast         |    54 |    45 ||    99
  Use: Potion            |     4 |     7 ||    11
       Scroll            |       |     9 ||     9
Armor: Robe              |     6 |       ||     6
       Leather armour    |       |    40 ||    40
Dodge: Dodged            |    40 |    90 ||   130
